 Dungeon Crawl Stone Soup version 0.17-a0-1614-g2062e81 (console) character file.

272 Monkaria the Ducker (level 6, -3/42 HPs)
             Began as a Felid Berserker on Aug 1, 2015.
             Was a Believer of Trog.
             Splashed by an oklob plant's acid (10 damage)
             ... on level 4 of the Dungeon.
             The game lasted 00:05:45 (3576 turns).

Monkaria the Ducker (Felid Berserker)               Turns: 3576, Time: 00:05:46

Health: -3/42      AC: -4    Str: 20    XL:     6   Next: 2%
Magic:  7/7        EV: 22    Int:  8    God:    Trog [**....]
Gold:   277        SH:  0    Dex: 16    Spells: 0 memorised, 5 levels left
                                        Lives:  0   Deaths: 1

rFire  . . .     SeeInvis +       - Unarmed
rCold  + . .     Clarity  .     (armour unavailable)
rNeg   . . .     SustAt   .     (shield unavailable)
rPois  .         Gourm    .     (helmet unavailable)
rElec  .         Spirit   .     (cloak unavailable)
rCorr  .         Warding  .     (gloves unavailable)
rMut   .         Stasis   .     (boots unavailable)
MR     ++...                    (no amulet)
Stlth  ..........               h - ring of protection from cold
                                d - +2 ring of protection

@: berserking (expiring), corroded equipment, regenerating, very quick, very
resistant to hostile enchantments, extremely unstealthy
A: no armour, no weapons or thrown items, claws 1, fangs 3, see invisible,
carnivore 3, speed 1, shaggy fur 2, slow metabolism 1, sharp paws
a: Burn Spellbooks, Berserk, Trog's Hand, Renounce Religion


You were on level 4 of the Dungeon.
You worshipped Trog.
Trog was pleased with you.
You were full.

You visited 1 branch of the dungeon, and saw 4 of its levels.

You collected 277 gold pieces.

Inventory:

Jewellery
 d - a +2 ring of protection (left paw)
 g - an uncursed ring of protection from magic
 h - a ring of protection from cold (right paw)
Magical devices
 j - a wand of digging (6)
Scrolls
 b - 4 scrolls of teleportation {unknown}
 c - 2 scrolls of remove curse {unknown}
 e - 2 scrolls of magic mapping {unknown}
 k - 2 scrolls of amnesia {unknown}
 m - a scroll of enchant weapon {unknown}
 n - a scroll of recharging {unknown}
 p - 3 scrolls of identify {unknown}
Potions
 f - a potion of brilliance {unknown}
 i - a potion of poison {unknown}
 o - 2 potions of degeneration {unknown}
 r - a potion of invisibility {unknown}
 t - a potion of curing {unknown}
Comestibles
 a - a meat ration
 l - a royal jelly
 q - a beef jerky


   Skills:
 - Level 3.0 Fighting
 - Level 7.1 Dodging
 - Level 7.0 Stealth
 + Level 3.0 Unarmed Combat


You had 5 spell levels left.
You didn't know any spells.

Dungeon Overview and Level Annotations

Branches:
Dungeon (4/15)
 Temple: D:4-7

Altars:
Fedhas
Sif Muna
Yredelemnul

Annotations:
D:4 exclusion: oklob plant


Innate Abilities, Weirdness & Mutations

You cannot wear armour.
You are incapable of wielding weapons or throwing items.
You have sharp claws.
You have razor-sharp teeth.
You have supernaturally acute eyesight.
You are carnivorous and can eat meat at any time.
You cover ground quickly.
You are covered in thick fur (AC +2).
You have a slow metabolism.
Your sharp claws are effective at attacking unaware monsters.


Message History

Use which ability? (? or * to list)
A red film seems to cover your vision as you go berserk!
You feel yourself moving faster!
You feel mighty!
You feel somewhat less full.
You feel a strong urge to attack something.
You see here 3 fruits.
You scratch the oklob plant but do no damage.
The oklob plant spits acid at you. The splash of acid hits you!
The acid corrodes you!
The acid burns!
You scratch the oklob plant.
The oklob plant is lightly damaged.
You scratch the oklob plant.
You claw the oklob plant, but do no damage.
The oklob plant is lightly damaged.
You completely miss the oklob plant. You bite the oklob plant!
The oklob plant is moderately damaged.
The oklob plant spits acid at you. The splash of acid hits you!
* * * LOW HITPOINT WARNING * * *
The acid corrodes you!
The acid burns!
You die...

#P.≈≈≈≈._.≈≈≈≈.PP###
#
PP.≈≈≈≈...≈≈≈≈.P.###
#
#P.≈≈≈≈≈.≈≈≈≈≈.#PPP#
#
#P..≈≈≈≈.≈≈≈≈..##P##
#
#PP..≈≈≈.≈≈≈...P#PP#
#
#PP...≈≈.≈≈..##.PPP#
#
PPP#P.......P#PP.PP#
#


P#PPPP###PPPPPPP.%P# # P.P#PP#PP#PPP%%%@P.# # PP#PP#.PPP#PP##%PPP# #
PPPPPPPP.#.PPPPP.P## # ################### # # # # You could see an oklob plant.

Vanquished Creatures
  Menkaure (D:4)
  An orc priest (D:4)
  An iguana (D:4)
  2 orc wizards (D:4)
  A worker ant (D:4)
  6 adders
  An ooze (D:4)
  A worm (D:2)
  2 giant geckos (D:4)
  7 orcs
  5 bats (D:1)
  2 giant cockroaches
  7 goblins
  9 hobgoblins
  2 quokkas (D:4)
  A giant newt (D:3)
  3 jackals
  A jackal skeleton (D:4)
  11 kobolds
  7 rats
  2 fungi (D:4)
  A plant (D:4)
74 creatures vanquished.

Vanquished Creatures (others)
  19 toadstools (D:4)
19 creatures vanquished.

Grand Total: 93 creatures vanquished

Notes
Turn   | Place    | Note
--------------------------------------------------------------
     0 | D:1      | Monkaria the Felid Berserker began the quest for the Orb.
     0 | D:1      | Reached XP level 1. HP: 10/10 MP: 2/2
   133 | D:1      | Reached XP level 2. HP: 14/14 MP: 3/3
   215 | D:1      | Reached skill level 5 in Dodging
  1117 | D:1      | Acquired Trog's second power
  1117 | D:1      | Reached XP level 3. HP: 17/17 MP: 4/4
  1400 | D:2      | Reached skill level 6 in Dodging
  1971 | D:3      | Reached XP level 4. HP: 21/21 MP: 5/5
  2114 | D:3      | Found a basalt altar of Yredelemnul.
  2585 | D:3      | Found a deep blue altar of Sif Muna.
  2626 | D:3      | Reached skill level 7 in Dodging
  2842 | D:4      | Reached skill level 1 in Stealth
  2858 | D:4      | Noticed Menkaure
  2869 | D:4      | Killed Menkaure
  2869 | D:4      | Reached skill level 5 in Stealth
  2869 | D:4      | Reached XP level 5. HP: 24/24 MP: 6/6
  2931 | D:4      | Killed from afar by an orc priest
  2932 | D:4      | Reached XP level 4. HP: -9/31 MP: 5/5
  2965 | D:4      | Reached XP level 5. HP: 20/24 MP: 6/6
  3371 | D:4      | Gained mutation: You are covered in thick fur (AC +2). [Felid growth]
  3371 | D:4      | Reached XP level 6. HP: 28/28 MP: 7/7
  3422 | D:4      | Found a blossoming altar of Fedhas.
  3435 | D:4      | Noticed an oklob plant
  3576 | D:4      | Splashed by an oklob plant's acid

Vault maps used:
D:1:      dpeg_arrival_water_temple_mockup, patterned_corridor
D:3:      yredelemnul_altar_generic, tgw_sif
D:4:      tgw_fedhas, kennysheep_little_box, cheibriados_altar_1, first_bread,
          uniq_menkaure

Action                   |  1- 3 |  4- 6 || total
-------------------------+-------+-------++-------
Melee: Unarmed           |   108 |   188 ||   296
Invok: Trog's Hand       |       |     5 ||     5
       Berserk           |       |     4 ||     4
 Stab: Sleeping          |     2 |     8 ||    10
  Eat: Chunk             |     9 |     8 ||    17
